 Dungeon Crawl Stone Soup version 0.18.1-8-gdd0e5ea (webtiles) character file.

61 Ladykiller69 the Shield-Bearer (level 4, -6/37 HPs)
             Began as a Formicid Fighter on June 8, 2016.
             Mangled by Sigmund
             ... wielding a +0 scythe
              (8 damage)
             ... on level 2 of the Dungeon.
             The game lasted 00:04:33 (660 turns).

Ladykiller69 the Shield-Bearer (Formicid Fighter)    Turns: 660, Time: 00:04:34

Health: -6/37      AC: 11    Str: 26    XL:     4   Next: 27%
Magic:  4/4        EV:  5    Int:  8    God:
Gold:   81         SH: 10    Dex: 10    Spells: 0 memorised, 3 levels left

rFire  . . .     SeeInvis +     a - +0 war axe
rCold  . . .     Gourm    .     e - +0 plate armour
rNeg   . . .     Faith    .     c - +0 shield
rPois  .         Spirit   .     (helmet unavailable)
rElec  .         Dismiss  .     (no cloak)
rCorr  .         Reflect  .     (no gloves)
SustAt .         Harm     .     (no boots)
MR     .....                    (no amulet)
Stlth  ..........               (no ring)
                                (no ring)

@: mighty, not resistant to hostile enchantments, extremely unstealthy
A: permanent stasis, dig shafts and tunnels, four strong arms, antennae 3
a: Dig, Shaft Self


You were on level 2 of the Dungeon.
You were not hungry.

You visited 1 branch of the dungeon, and saw 2 of its levels.

You collected 81 gold pieces.

Inventory:

Hand Weapons
 a - a +0 war axe (weapon)
Armour
 c - a +0 shield (worn)
 e - a +0 plate armour (worn)
Jewellery
 g - a cursed -3 ring of intelligence {unknown}
 l - an uncursed ring of protection from magic {unknown}
Wands
 m - a wand of slowing (9/48)
Scrolls
 b - 4 scrolls of teleportation {unknown}
 h - a scroll of remove curse {unknown}
 j - a scroll of noise {unknown}
Potions
 k - a potion of heal wounds {unknown}
 n - a potion of curing {unknown}
 o - a potion of degeneration {unknown}
Comestibles
 f - a bread ration
 i - a chunk of flesh
 p - a royal jelly


   Skills:
 + Level 4.0 Fighting
 + Level 2.4 Axes
 + Level 3.8 Armour
 + Level 4.3 Shields


You had 3 spell levels left.
You didn't know any spells.

Dungeon Overview and Level Annotations

Branches:
Dungeon (2/15)

Altars:

Annotations:
D:2 1 exclusion, Sigmund


Innate Abilities, Weirdness & Mutations

You are under a permanent stasis effect.
You can dig through walls and to a lower floor.
Your four strong arms can wield two-handed weapons with a shield.
You have a pair of large antennae on your head (SInv).


Message History

Sigmund seems to speed up.
Sigmund gestures at you while chanting. The puff of flame hits you!
You slash Sigmund!
Sigmund is severely wounded.
Sigmund screams, "Die, monster!"
Sigmund casts a spell at you. The magic dart hits you!
You block Sigmund's attack.
You closely miss Sigmund.
Sigmund is severely wounded.
Sigmund hits you with a scythe! x2
* * * LOW HITPOINT WARNING * * *
You closely miss Sigmund.
Sigmund is severely wounded.
Sigmund casts a spell at you. The puff of flame hits you!
You closely miss Sigmund.
Sigmund is severely wounded.
Sigmund hits you with a scythe!
You die...

...## # ....####.+
...P.#..# ..P.#.#
####### # ########
.......# ### .......#
##@# ...(...###
#@#####
.).......#######{#..#
.<...###.........#..#
######
###...b.###..## #
########.####......##
#
#........##..b###.@.#
# #.#######...###
#..$....# ....#
#..### #...8...#


You could see Sigmund.

Vanquished Creatures
  A gnoll (D:1)
  3 adders (D:2)
  An ooze (D:1)
  A giant cockroach (D:1)
  3 goblins
  2 hobgoblins (D:1)
  3 jackals (D:1)
  3 kobolds
  A ball python (D:2)
  A bat (D:1)
  2 giant newts (D:1)
  2 rats (D:1)
23 creatures vanquished.

Vanquished Creatures (others)
  A kobold (D:1)
1 creature vanquished.

Grand Total: 24 creatures vanquished

Notes
Turn   | Place    | Note
--------------------------------------------------------------
     0 | D:1      | Ladykiller69 the Formicid Fighter began the quest for the Orb.
     0 | D:1      | Reached XP level 1. HP: 18/18 MP: 1/1
   100 | D:1      | Reached XP level 2. HP: 24/24 MP: 2/2
   229 | D:1      | Reached XP level 3. HP: 22/29 MP: 3/3
   511 | D:2      | Reached XP level 4. HP: 27/37 MP: 4/4
   623 | D:2      | Found a faded altar to an unknown god.
   625 | D:2      | Noticed Sigmund
   660 | D:2      | Mangled by Sigmund

Skill      XL: |  1  2  3 |
---------------+----------+-----
Shields        | 4 |  4.3
Fighting       | 4 |  4.0
Axes           | |  2.4
Armour         | |  3.8

Action                   |  1- 3 |  4- 6 || total
-------------------------+-------+-------++-------
Melee: War axe           |    75 |    27 ||   102
 Abil: Dig               |     1 |     2 ||     3
  Use: Potion            |       |     1 ||     1
Armor: Plate armour      |    56 |    19 ||    75
Dodge: Dodged            |    24 |     5 ||    29
Block: Shield            |    45 |    14 ||    59
